 Dungeon Crawl Stone Soup version 0.26-a0-651-gb41185065b (webtiles) character file.

Game seed: 13198490977865261476

789 Irenicus the Geomancer (level 7, -3/55 HPs)
             Began as a Deep Dwarf Earth Elementalist on Sept 30, 2020.
             Killed from afar by a white imp (5 damage)
             ... with a puff of frost
             ... on level 5 of the Dungeon.
             The game lasted 00:19:22 (2231 turns).

Irenicus the Geomancer (DDEE)                       Turns: 2231, Time: 00:19:23

Health: -3/55      AC: 10    Str: 11 (12) XL:     7   Next: 56%
Magic:  8/11       EV: 12    Int: 14 (17) God:
Gold:   34         SH:  5    Dex: 11 (13) Spells: 6/12 levels left

rFire    . . .     SeeInvis +   v - +1 rapier of Destruction {venom, rPois rN+ SInv} (curse)
rCold    . . .     Faith    .   (no shield)
rNeg     + . .     Spirit   .   s - +3 leather armour
rPois    +         Reflect  +   (no helmet)
rElec    .         Harm     .   (no cloak)
rCorr    .         Rampage  .   (no gloves)
MR       +....                  (no boots)
Stlth    ++........             a - amulet of reflection
HPRegen  0.00/turn              u - +4 ring of protection
MPRegen  0.12/turn              (no ring)

@: flying, non-regenerating
A: damage resistance, heal wounds, sense surroundings 1, no regeneration
a: Heal Wounds


You were on level 5 of the Dungeon.
You visited 1 branch of the dungeon, and saw 6 of its levels.

You collected 232 gold pieces.
You spent 198 gold pieces at shops.

Inventory:

Hand Weapons
 h - a +2 dagger of draining
   (You took it off a kobold on level 2 of the Dungeon)
 v - the cursed +1 rapier of Destruction (weapon) {venom, rPois rN+ SInv}
   (You bought it in a shop on level 6 of the Dungeon)

   It poisons the flesh of those it strikes.
   It protects you from poison.
   It protects you from negative energy.
   It lets you see invisible.
   It has a curse placed upon it.
Missiles
 b - 28 stones (quivered)
Armour
 s - a +3 leather armour (worn)
   (You took it off an orc on level 4 of the Dungeon)
Jewellery
 a - an amulet of reflection (around neck)
   (You found it on level 1 of the Dungeon)
 u - a +4 ring of protection (left hand)
   (You found it on level 6 of the Dungeon)
Wands
 e - a wand of disintegration (11)
   (You took it off an orc on level 4 of the Dungeon)
 o - a wand of flame (17)
   (You took it off a hobgoblin on level 3 of the Dungeon)
 t - a wand of polymorph (11)
   (You found it on level 6 of the Dungeon)
Scrolls
 c - 2 scrolls of identify
 f - 3 scrolls of remove curse {unknown}
 j - 2 scrolls of fog {unknown}
 k - 3 scrolls of teleportation
 m - a scroll of amnesia {unknown}
 n - a scroll of enchant weapon {unknown}
 q - a scroll of blinking {unknown}
Potions
 d - a potion of brilliance
 g - 4 potions of haste
 i - a potion of magic
 l - 3 potions of degeneration {!q}


   Skills:
 - Level 1.0 Short Blades
 - Level 2.1 Dodging
 - Level 2.4 Stealth
 - Level 3.0 Spellcasting
 + Level 0.0 Conjurations
 - Level 1.0 Transmutations
 + Level 10.0 Earth Magic
 - Level 4.0 Evocations


You had 6 spell levels left.
You knew the following spells:

 Your Spells              Type           Power        Failure   Level
a - Sandblast             Erth           ####..       1%          1
w - Passwall              Tmut/Erth      ###.....     4%          2
x - Stone Arrow           Conj/Erth      ###...       11%         3

Your spell library contained the following spells:

 Spells                   Type           Power        Failure   Level
 Lee's Rapid Deconstruct  Erth           ####......   13%         5
 Petrify                  Tmut/Erth      ###.....     28%         4


Dungeon Overview and Level Annotations

Branches:
Dungeon (6/15)
 Temple: D:4-7

Altars:
Ru
Xom

Shops:
D:6 (

Annotations:
D:3 2 runed translucent doors, Sassenached's ghost, amateur OgWn


Innate Abilities, Weirdness & Mutations

You are resistant to damage.
You can heal yourself by infusing magical energy.
You passively map a small area around you.
You do not regenerate.


Message History

The orc is severely wounded.
You kill the orc!
Casting: Sandblast (safe; 1% risk of failure)
Confirm with . or Enter, or press ? or * to list all spells.
Aiming: Sandblast (safe; 1% risk of failure)
Press: ? - help, Shift-Dir - straight line, f - orc priest
Aim: an orc priest, wielding a +0 falchion The blast of sand hits the orc priest.
The orc priest is moderately wounded.
b - 3 stones You now have 5/11 mp.
Casting: Sandblast (safe; 1% risk of failure)
Confirm with . or Enter, or press ? or * to list all spells.
Aiming: Sandblast (safe; 1% risk of failure)
Press: ? - help, Shift-Dir - straight line, f/p - orc priest
Aim: an orc priest, wielding a +0 falchion (moderately wounded)
The blast of sand hits the orc priest!!
You kill the orc priest!
b - 2 stones You now have 4/11 mp.
Things that are here:
a +0 falchion; a +0 short sword; an orc corpse A worker ant zombie comes into view.
The worker ant zombie moves out of view.
A leopard gecko comes into view.
A hound comes into view.
The hound barks!
The leopard gecko hisses angrily.
A frilled lizard comes into view.
You hit the leopard gecko.
You kill the leopard gecko!
Casting: Sandblast (safe; 1% risk of failure)
Confirm with . or Enter, or press ? or * to list all spells.
Aiming: Sandblast (safe; 1% risk of failure)
Press: ? - help, Shift-Dir - straight line, f - hound
Aim: a hound The blast of sand hits the hound!!
You kill the hound!
Your Evocations skill increases to level 4!
b - a stone You now have 5/11 mp.
You see here 29 stones.
b - 30 stones (gained 29)
The frilled lizard hisses angrily.
You puncture the frilled lizard!
You kill the frilled lizard!
You now have 34 gold pieces (gained 12).
Found a stone staircase leading down.
There is a stone staircase leading down here.
A worker ant comes into view.
A white imp comes into view.
The worker ant twitches its antennae in your direction.
The white imp grins evilly.
The white imp gestures at you. The puff of frost hits you!
* * * LOW HITPOINT WARNING * * *
You take 8 damage, and have 12/55 hp.
Casting: Sandblast (safe; 1% risk of failure)
Confirm with . or Enter, or press ? or * to list all spells.
Aiming: Sandblast (safe; 1% risk of failure)
Press: ? - help, Shift-Dir - straight line, f - worker ant
Aim: a worker ant The blast of sand hits the worker ant!
The worker ant is heavily wounded.
b - 29 stones The worker ant bites you but does no damage.
You now have 8/11 mp.
Casting: Sandblast (safe; 1% risk of failure)
Confirm with . or Enter, or press ? or * to list all spells.
Aiming: Sandblast (safe; 1% risk of failure)
Press: ? - help, Shift-Dir - straight line, f/p - worker ant
Aim: a worker ant (heavily wounded)
The blast of sand misses the worker ant.
b - 28 stones The worker ant bites you but does no damage.
The white imp gestures at you. The puff of frost hits you!
* * * LOW HITPOINT WARNING * * *
You take 10 damage, and have 2/55 hp.
You now have 7/11 mp.
It was a potion of degeneration.
There was something very wrong with that liquid.
You feel weakened.
You feel dopey.
You feel clumsy. The worker ant misses you.
It was a potion of brilliance.
You feel clever all of a sudden.
The worker ant bites you but does no damage.
The white imp gestures at you. The puff of frost hits you.
The worker ant bites you but does no damage.
It was a potion of cancellation.
Your magical effects are unravelling.
You feel magically purged.
You feel a little less clever now. The white imp gestures at you.
The puff of frost hits you. You block the worker ant's attack.
It was a potion of flight.
You feel very buoyant.
You fly up into the air.
The white imp gestures at you. The puff of frost hits you.
You die...

....................# ,
, .............#.#....#
,
,....................#
,
.............#.#....##
......................
....5........>.........
* ,
.......................
,......................
......a@..............
..)...................
#############.######..
#.# ** .. #.# , , , *
.# * * , *


You could see a worker ant and a white imp.

Vanquished Creatures
  Grinder (D:3)
  A howler monkey (D:3)
  A hound (D:5)
  An orc priest (D:5)
  3 orc wizards
  An iguana (D:4)
  Natasha (thrice) (D:3)
  2 worker ants (D:6)
  6 gnolls
  8 adders
  A white imp (D:5)
  An ooze (D:1)
  2 adder skeletons (D:4)
  4 worms
  2 dart slugs
  5 leopard geckos
  14 orcs
  7 bats
  3 giant cockroaches
  8 goblins
  5 hobgoblins
  6 jackals
  12 kobolds
  A quokka (D:2)
  7 frilled lizards
  4 rats
109 creatures vanquished.

Vanquished Creatures (others)
  A gnoll (D:4)
1 creature vanquished.

Grand Total: 110 creatures vanquished

Notes
Turn   | Place    | Note
-------+----------+-------------------------------------------
     0 | D:1      | Irenicus the Deep Dwarf Earth Elementalist began the quest
                  | for the Orb.
     0 | D:1      | Reached XP level 1. HP: 15/15 MP: 3/3
   128 | D:1      | Reached skill level 2 in Spellcasting
   207 | D:1      | Reached XP level 2. HP: 22/22 MP: 3/5
   271 | D:1      | Learned a level 2 spell: Passwall
   399 | D:1      | Irenicus: ?? translucent
   399 | D:1      | beem: translucent[1/3]: Translucent walls are exactly like
                  | walls of their base type, except you can see through them.
                  | In other words, you can dig translucent rock and can't dig
                  | translucent stone.
   534 | D:2      | Reached skill level 5 in Earth Magic
   534 | D:2      | Reached XP level 3. HP: 26/28 MP: 3/6
   780 | D:2      | Found a faded altar of an unknown god.
   959 | D:2      | Reached XP level 4. HP: 31/36 MP: 4/8
   974 | D:2      | Reached skill level 3 in Spellcasting
   987 | D:2      | Irenicus: ?? drain
   987 | D:2      | beem: drain[1/4]: Reduces your skills until you gain more
                  | XP (no long-term effect). Press m to see how much your
                  | skills got drained. A potion of experience does not end the
                  | effect.
  1064 | D:2      | Found a shimmering altar of Xom.
  1253 | D:3      | Reached skill level 1 in Short Blades
  1258 | D:3      | Reached skill level 1 in Transmutations
  1286 | D:3      | Reached skill level 6 in Earth Magic
  1390 | D:3      | Reached XP level 5. HP: 31/42 MP: 7/9
  1530 | D:3      | Noticed Grinder
  1611 | D:3      | Found a runed translucent door.
  1611 | D:3      | Noticed Sassenached's ghost (amateur OgWn)
  1632 | D:3      | Reached skill level 7 in Earth Magic
  1650 | D:3      | Noticed Natasha
  1654 | D:3      | Killed Natasha
  1658 | D:3      | Found a runed translucent door.
  1682 | D:3      | Reached XP level 6. HP: 14/49 MP: 7/10
  1716 | D:3      | Irenicus: ?? you hear a grinding
  1716 | D:3      | beem: I don't have a page labeled you_hear_a_grinding in my
                  | learndb.
  1759 | D:3      | Found a sacrificial altar of Ru.
  1767 | D:3      | Reached skill level 8 in Earth Magic
  1808 | D:3      | Noticed Natasha
  1822 | D:3      | Killed Natasha
  1836 | D:3      | Killed Grinder
  1836 | D:3      | Reached skill level 9 in Earth Magic
  1836 | D:3      | Reached XP level 7. HP: 26/55 MP: 2/11
  1882 | D:3      | Noticed Natasha
  1886 | D:3      | Killed Natasha
  1923 | D:3      | You fall into a shaft and drop 1 floor!
  2054 | D:4      | Reached skill level 10 in Earth Magic
  2060 | D:4      | Learned a level 3 spell: Stone Arrow
  2071 | D:4      | Reached skill level 1 in Evocations
  2083 | D:4      | You fall into a shaft and drop 2 floors!
  2090 | D:6      | Reached skill level 2 in Evocations
  2131 | D:6      | Found Tesoyc's Antique Weapon Shop.
  2147 | D:6      | Bought a pitted rapier for 198 gold pieces
  2147 | D:6      | Identified the cursed +1 rapier of Destruction {venom,
                  | rPois rN+ SInv} (You bought it in a shop on level 6 of the
                  | Dungeon)
  2153 | D:5      | Entered Level 5 of the Dungeon
  2155 | D:5      | Reached skill level 3 in Evocations
  2191 | D:5      | Reached skill level 4 in Evocations
  2225 | D:5      | HP: 12/55 [white imp/puff of frost (8)]
  2227 | D:5      | HP: 2/55 [white imp/puff of frost (10)]
  2231 | D:5      | Killed from afar by a white imp

Illustrated notes

Levels and vault maps discovered:
D:1:      dpeg_arrival_shrine, layout_basic, serial_glass, glass_columns_a,
          glass_columns_c, due_unseen_surprise, feat_on_display,
          feat_on_display, item_on_display_a, minmay_pentomino_z2
D:2:      kennysheep_six_static_rooms, layout_basic, marbit_many_paths,
          chequers_ecumenical_altar_lobes
D:3:      layout_loops_ring, nicolae_ru_great_annihilating_truth,
          ebering_ghost_sewer_f, minmay_increasing_density, uniq_natasha,
          uniq_grinder
D:4:      layout_basic, fiery_altar_vehumet
D:5:      layout_basic, nicolae_overflow_crystal_walls, serial_glass,
          glass_columns_b, glass_columns_c, glass_columns_b, glass_columns_a,
          gammafunk_ghost_hive
D:6:      layout_basic, serial_shops, nicolae_shop_overgrown_old_shop,
          grunt_dithmenos_smoke_and_mirrors, uniq_edmund

Skill      XL: |  1  2  3  4  5  6  7 |
---------------+----------------------+-----
Spellcasting   | 2 3 |  3.0
Earth Magic    | 5 6 7 9 10 | 10.0
Short Blades   | 1 |  1.0
Transmutations | 1 |  1.0
Evocations     | 4 |  4.0
Dodging        | |  2.1
Stealth        | |  2.4

Action                   |  1- 3 |  4- 6 |  7- 9 || total
-------------------------+-------+-------+-------++-------
Melee: Dagger            |    21 |    58 |    15 ||    94
       Short sword       |     1 |       |       ||     1
       Rapier            |       |       |     4 ||     4
 Cast: Sandblast         |    42 |    63 |    36 ||   141
       Passwall          |     6 |     7 |       ||    13
       Stone Arrow       |       |       |     1 ||     1
  Use: Potion            |       |     2 |     4 ||     6
       Scroll            |       |       |     2 ||     2
 Stab: Sleeping          |     2 |     2 |       ||     4
       Distracted        |     1 |       |       ||     1
       Paralysed         |       |     1 |       ||     1
Armor: Leather armour    |     2 |    11 |     9 ||    22
Dodge: Dodged            |    26 |    41 |    10 ||    77
Block: Other             |     7 |    12 |     4 ||    23
       Reflection        |       |     3 |     2 ||     5

Table legend: (Time is in decaauts)
 A = Elapsed time spent in this place.
 B = Non-inter-level travel time spent in this place.
 C = Inter-level travel time spent in this place.
 D = Time resting spent in this place.
 E = Time spent auto-exploring this place.
 F = Levels seen in this place.
 G = Mean time per level.
                   A        B        C        D        E       F      G
               +--------+--------+--------+--------+--------+-----+--------+
         Total |   2217 |   2209 |      8 |      0 |      0 |   6 |  369.5 |
       Dungeon |   2217 |   2209 |      8 |      0 |      0 |   6 |  369.5 |
               +--------+--------+--------+--------+--------+-----+--------+

Top non-repeatable levels by time:
     D:2: 737 daAuts
     D:3: 661 daAuts
     D:1: 512 daAuts
     D:4: 159 daAuts
     D:5: 78 daAuts
     D:6: 68 daAuts

Table legend:
 A = Kills in this place as a percentage of kills in entire the game.
 B = Kills by you in this place as a percentage of kills by you in the entire game.
 C = Kills by friends in this place as a percentage of kills by friends in the entire game.
 D = Other kills in this place as a percentage of other kills in the entire game.
 E = Experience gained in this place as a percentage of experience gained in the entire game.
 F = Experience gained in this place divided by the number of levels of this place that you have seen.
                   A       B       C       D       E      F
               +-------+-------+-------+-------+-------+----------------------
         Total | 100.0 | 100.0 |   N/A |   N/A | 100.0 | 188.0
       Dungeon | 100.0 | 100.0 |   N/A |   N/A | 100.0 | 188.0
               +-------+-------+-------+-------+-------+----------------------
